 Dungeon Crawl Stone Soup version 0.26-a0-1040-gbe3abf3417 (webtiles) character file.

Game seed: 11219595647471427305

70 sahdkjhfkaj the Shield-Bearer (level 4, -2/40 HPs)
             Began as a Deep Dwarf Fighter on Dec 12, 2020.
             Slain by a worm (4 damage)
             ... on level 2 of the Dungeon.
             The game lasted 00:02:01 (963 turns).

sahdkjhfkaj the Shield-Bearer (Deep Dwarf Fighter)   Turns: 963, Time: 00:02:02

Health: -2/40      AC:  6    Str: 21    XL:     4   Next: 3%
Magic:  4/4        EV:  8    Int:  8    God:
Gold:   30         SH:  9    Dex: 12    Spells: 3/3 levels left

rFire    . . .     SeeInvis .   a - +0 war axe
rCold    . . .     Faith    .   c - +0 kite shield
rNeg     . . .     Spirit   .   b - +0 scale mail
rPois    .         Reflect  .   (no helmet)
rElec    .         Harm     .   (no cloak)
rCorr    .         Rampage  .   (no gloves)
Will     .....                  (no boots)
Stlth    ..........             (no amulet)
HPRegen  0.00/turn              (no ring)
MPRegen  0.09/turn              (no ring)

@: non-regenerating
A: damage resistance, heal wounds, sense surroundings 1, no regeneration
a: Heal Wounds


You were on level 2 of the Dungeon.
You visited 1 branch of the dungeon, and saw 2 of its levels.

You collected 30 gold pieces.

Inventory:

Hand Weapons
 a - a +0 war axe (weapon)
Armour
 b - a +0 scale mail (worn)
 c - a +0 kite shield (worn)
Scrolls
 e - a scroll of magic mapping {unknown}
 f - 2 scrolls of blinking {unknown}
 i - a scroll of remove curse {unknown}
 j - a scroll of enchant weapon {unknown}
 k - a scroll of amnesia {unknown}
Potions
 d - 5 potions of might
 g - a potion of resistance {unknown}
 h - a potion of magic {unknown}


   Skills:
 + Level 2.9 Fighting
 * Level 3.2 Axes
 + Level 3.6 Armour
 + Level 1.1 Dodging
 * Level 4.1 Shields


You had 3 spell levels left.
You didn't know any spells.
Your spell library was empty.

Dungeon Overview and Level Annotations

Branches:
Dungeon (2/15)

Altars:
Dithmenos
Trog


Innate Abilities, Weirdness & Mutations

You are resistant to damage.
You can heal yourself by infusing magical energy.
You passively map a small area around you.
You do not regenerate.


Message History

Unknown command.
You hit the worm.
The worm is moderately wounded.
You hit the adder. The adder bites you but does no damage.
You block the adder's attack. You block the worm's attack.
There are monsters nearby!
There are monsters nearby!
There are monsters nearby!
Unknown command.
You hit the worm.
The worm is moderately wounded.
You closely miss the adder. The adder bites you.
The adder bites you but does no damage. You block the worm's attack.
Unknown command.
You hit the worm.
The worm is heavily wounded.
You hit the adder but do no damage. The adder bites you.
* * * LOW HITPOINT WARNING * * *
You block the adder's attack. The worm bites you.
You die...

#..#############..#.
##.# ####...##. *,
#.########....###..
+ ,
#..#.......)...)..#
,,
##.#.#####....###..
, , , #...#
####...##. ,. ##.##
, ###..#. ,
....####'## , *##.##
......S@..# ,, ,*
#..# ......w...# ,,,
* ##.# ..........# *
#.# * ....####..#*
,, #.. ...,* #..., ,
##) ,.. ##.## ,, #)
., , .. *** #. * ..#
* #. ,,, , ,#.


You could see a worm and an adder.

Vanquished Creatures
  An adder (D:2)
  A worm (D:2)
  3 dart slugs
  2 ball pythons (D:2)
  8 bats
  A giant cockroach (D:1)
  8 goblins
  2 hobgoblins
  6 jackals
  2 frilled lizards
  9 kobolds
  4 rats (D:1)
47 creatures vanquished.

Notes
Turn   | Place    | Note
-------+----------+-------------------------------------------
     0 | D:1      | sahdkjhfkaj the Deep Dwarf Fighter began the quest for the
                  | Orb.
     0 | D:1      | Reached XP level 1. HP: 20/20 MP: 1/1
   155 | D:1      | Reached XP level 2. HP: 22/27 MP: 2/2
   380 | D:1      | Reached XP level 3. HP: 28/33 MP: 3/3
   658 | D:2      | Found a bloodstained altar of Trog.
   667 | D:2      | Found a shadowy altar of Dithmenos.
   679 | D:2      | Reached skill level 1 in Dodging
   750 | D:2      | Reached skill level 4 in Shields
   928 | D:2      | Reached XP level 4. HP: 3/40 MP: 4/4
   963 | D:2      | HP: 2/40 [adder (1)]
   963 | D:2      | Slain by a worm

Illustrated notes

Levels and vault maps discovered:
D:1:      minmay_arrival_four_circles, layout_basic
D:2:      minmay_general_purpose_star, layout_basic,
          lemuel_coloured_pillars_altar, lightli_temple_of_fire,
          grunt_ministairs_8, grunt_dithmenos_smoke

Skill      XL: |  1  2  3 |
---------------+----------+-----
Dodging        | 1 |  1.1
Axes           | 3 |  3.2
Shields        | 4 |  4.1
Fighting       | |  2.9
Armour         | |  3.6

Action                   |  1- 3 |  4- 6 || total
-------------------------+-------+-------++-------
Melee: War axe           |   139 |     7 ||   146
Armor: Scale mail        |    54 |     3 ||    57
Dodge: Dodged            |    47 |     1 ||    48
Block: Kite shield       |    72 |     8 ||    80

Table legend: (Time is in decaauts)
 A = Elapsed time spent in this place.
 B = Non-inter-level travel time spent in this place.
 C = Inter-level travel time spent in this place.
 D = Time resting spent in this place.
 E = Time spent auto-exploring this place.
 F = Levels seen in this place.
 G = Mean time per level.
                   A        B        C        D        E       F      G
               +--------+--------+--------+--------+--------+-----+--------+
         Total |   1027 |   1009 |     18 |      0 |    689 |   2 |  513.5 |
       Dungeon |   1027 |   1009 |     18 |      0 |    689 |   2 |  513.5 |
               +--------+--------+--------+--------+--------+-----+--------+

Top non-repeatable levels by time:
     D:1: 690 daAuts
     D:2: 337 daAuts
